 Dungeon Crawl Stone Soup version 0.27.1-34-g3ba077fa99 (webtiles) character file.

Game seed: 1251868704463313071

940 belegose the Magician (level 7, -6/52 HPs)
             Began as a Mummy Fire Elementalist on Jan 5, 2022.
             Mangled by a wraith (8 damage)
             ... on level 6 of the Dungeon.
             The game lasted 00:19:36 (6949 turns).

belegose the Magician (Mummy Fire Elementalist)     Turns: 6949, Time: 00:19:37

Health: -6/52      AC:  4    Str: 13    XL:     7   Next: 88%
Magic:  7/14       EV: 12    Int: 15    God:
Gold:   115        SH:  0    Dex: 12    Spells: 11/15 levels left

rFire    x . .     SeeInvis .   q - +1 dagger (venom)
rCold    + . .     Faith    .   (no shield)
rNeg     + + +     Spirit   .   a - +0 robe
rPois    ∞         Reflect  .   d - +0 helmet
rElec    .         Harm     .   (no cloak)
rCorr    .         Rampage  .   (no gloves)
Will     .....                  o - +0 pair of boots
Stlth    ++........             l - amulet of the acrobat
HPRegen  0.17/turn              (no ring)
MPRegen  0.14/turn              (no ring)

@: slowed, very slow
A: cold resistance 1, negative energy resistance 3, torment resistance 2, heat
vulnerability 1, no potions
a: no special abilities


You were on level 6 of the Dungeon.
You visited 1 branch of the dungeon, and saw 6 of its levels.

You collected 115 gold pieces.

Inventory:

Hand Weapons
 p - a +0 quarterstaff
 q - a +1 dagger of venom (weapon)
Missiles
 e - 81 stones
 r - a curare-tipped dart
Armour
 a - a +0 robe (worn)
 d - a +0 helmet (worn)
 o - a +0 pair of boots (worn)
Jewellery
 l - an amulet of the acrobat (around neck)
 m - an amulet of reflection
Wands
 c - a wand of polymorph (5)
Scrolls
 b - 2 scrolls of enchant weapon {unknown}
 f - 4 scrolls of teleportation
 g - a scroll of magic mapping {unknown}
 h - a scroll of vulnerability {unknown}
 i - 3 scrolls of identify {unknown}
 j - 3 scrolls of blinking
 k - 2 scrolls of fear {unknown}
 n - a scroll of brand weapon {unknown}
 s - a scroll of enchant armour {unknown}
 t - a scroll of holy word {unknown}


   Skills:
 - Level 3.2 Fighting
 - Level 1.5 Dodging
 - Level 1.5 Stealth
 - Level 4.9 Spellcasting
 - Level 2.8 Conjurations
 + Level 3.9 Hexes
 + Level 3.1 Summonings
 - Level 3.3 Fire Magic


You had 11 spell levels left.
You knew the following spells:

 Your Spells              Type           Power      Damage    Failure   Level
a - Foxfire               Conj/Fire      52%        2x1d6     4%          1
b - Summon Guardian Gole  Hex/Summ       14%        N/A       12%         3

Your spell library contained the following spells:

 Spells                   Type           Power      Damage    Failure   Level
 Summon Small Mammal      Summ           48%        N/A       4%          1
 Inner Flame              Hex/Fire       14%        N/A       11%         3
 Dazzling Flash           Conj/Hex       26%        N/A       12%         3
 Call Canine Familiar     Summ           12%        N/A       14%         3
 Conjure Flame            Conj/Fire      13%        6-21      14%         3
 Passwall                 Tmut/Erth      2%         N/A       26%         2
 Sticky Flame             Conj/Fire      13%        2d4       41%         4
 Swiftness                Air            3%         N/A       45%         3
 Fireball                 Conj/Fire      6%         3d5       77%         5
 Silence                  Hex/Air        4%         N/A       90%         5
 Agony                    Necr           3%         N/A       99%         5
 Invisibility             Hex            7%         N/A       99%         6


Dungeon Overview and Level Annotations

Branches:
Dungeon (6/15)
 Temple: D:4-7

Altars:
Nemelex Xobeh
Vehumet

Annotations:
D:5 exclusion: statue
D:6 Edmund, Menkaure


Innate Abilities, Weirdness & Mutations

You are immune to poison.
Your flesh is cold resistant. (rC+)
You are immune to negative energy. (rN+++)
You are immune to unholy pain and torment.
You are vulnerable to heat. (rF-)
You do not drink.


Message History

Casting: Foxfire (safe; 4% risk of failure)
Confirm with . or Enter, or press ? or * to list all spells.
You conjure some foxfire!
The foxfire hits the wraith but does no damage.
The wraith is lightly damaged.
The foxfire hits the wraith but does no damage.
The wraith is lightly damaged.
The wraith hits you.
* * * LOW HITPOINT WARNING * * *
Casting: Foxfire (safe; 4% risk of failure)
Confirm with . or Enter, or press ? or * to list all spells.
You conjure some foxfire!
The foxfire hits the wraith.
The wraith is moderately damaged.
The foxfire hits the wraith but does no damage.
The wraith is moderately damaged.
The wraith completely misses you. The wraith hits you!
* * * LOW HITPOINT WARNING * * *
The wraith drains your vigour!
You feel as though you will be slow longer.
Casting: Foxfire (safe; 4% risk of failure)
Confirm with . or Enter, or press ? or * to list all spells.
You conjure some foxfire!
The foxfire hits the wraith but does no damage.
The wraith is moderately damaged.
The foxfire hits the wraith.
The wraith is moderately damaged.
The wraith hits you.
* * * LOW HITPOINT WARNING * * *
The wraith drains your vigour!
You feel as though you will be slow longer.
Unknown command.
The foxfire hits the wraith.
The wraith is heavily damaged.
The foxfire hits the wraith.
The wraith is heavily damaged.
The wraith completely misses you.
Casting: Foxfire (safe; 4% risk of failure)
Confirm with . or Enter, or press ? or * to list all spells.
You conjure some foxfire!
The wraith hits you!
You die...

#########.# ..:.......#
#########.# #.####
###.##.# ....#
######.#.##.# #.
#..###........##.# #.
#.........vW.....# .
#.##..###.###@.####.#
#.##.....# #...v..# #.#
#........###.####.# #.#
..................# #.#
#...............#.# #.#
.####..####.####.####.#
@..
##..#............).#
...
+......#.###..####)# .
##.....#.###..##...#


You could see a wraith (ally target).

Vanquished Creatures
  A water moccasin (D:4)
  A black bear (D:5)
  A necrophage (D:6)
  An ogre (D:6)
  A kobold brigand (D:6)
  A scorpion (D:5)
  A water moccasin skeleton (D:4)
  A howler monkey (D:4)
  A hound (D:4)
  2 orc priests
  3 orc wizards (D:4)
  7 adders
  4 gnolls (D:6)
  3 worms
  2 dart slugs
  16 orcs
  3 ball pythons (D:1)
  7 endoplasms
  A giant cockroach (D:4)
  2 hobgoblins
  4 jackals
  A quokka (D:3)
  3 bats
  2 frilled lizards
  7 goblins
  13 kobolds
  A quokka skeleton (D:4)
  6 rats
  A spectral hobgoblin (D:1)
97 creatures vanquished.

Vanquished Creatures (others)
  285 foxfires
285 creatures vanquished.

Grand Total: 382 creatures vanquished

Notes
Turn   | Place    | Note
-------+----------+-------------------------------------------
     0 | D:1      | belegose the Mummy Fire Elementalist began the quest for
                  | the Orb.
     0 | D:1      | Reached XP level 1. HP: 13/13 MP: 4/4
   201 | D:1      | Reached skill level 1 in Conjurations
   283 | D:1      | Reached XP level 2. HP: 20/20 MP: 3/5
   335 | D:1      | Reached skill level 3 in Spellcasting
   576 | D:1      | Reached skill level 1 in Fighting
   654 | D:1      | Found a faded altar of an unknown god.
   921 | D:1      | Reached XP level 3. HP: 26/26 MP: 4/7
  2961 | D:4      | Reached XP level 4. HP: 29/32 MP: 4/9
  3578 | D:4      | Noticed a water moccasin
  3591 | D:4      | Killed a water moccasin
  3592 | D:4      | Reached skill level 4 in Spellcasting
  3592 | D:4      | Reached XP level 5. HP: 37/39 MP: 4/11
  3908 | D:4      | Learned a level 3 spell: Summon Guardian Golem
  4045 | D:4      | Reached XP level 6. HP: 18/46 MP: 7/12
  4416 | D:4      | Reached skill level 1 in Hexes
  5323 | D:5      | Entered Level 5 of the Dungeon
  5467 | D:5      | Found a radiant altar of Vehumet.
  5746 | D:5      | Reached skill level 1 in Summonings
  5746 | D:5      | Reached XP level 7. HP: 42/52 MP: 14/14
  6428 | D:6      | Noticed Edmund
  6531 | D:6      | Found a sparkling altar of Nemelex Xobeh.
  6612 | D:6      | Noticed Menkaure
  6924 | D:6      | Noticed a wraith
  6946 | D:6      | HP: 2/52 [wraith (8)]
  6949 | D:6      | Mangled by a wraith

Illustrated notes

Levels and vault maps discovered:
D:1:      lemuel_arrival_muddy, layout_loops_ring,
          dreamdust_ecumenical_altar_drowned_temple
D:2:      layout_loops_ring, st_stairs_13
D:3:      layout_loops_ring
D:4:      layout_loops_ring
D:5:      layout_basic, vehumet_statue, sigmund_army
D:6:      layout_basic, nicolae_uskayaw_dance_hall,
          nemelex_diamond_rough_becter, jmf_multi_god_temple, uniq_edmund,
          uniq_menkaure

Skill      XL: |  1  2  3  4  5  6  7 |
---------------+----------------------+-----
Conjurations   | 1 2 |  2.8
Spellcasting   | 3 4 |  4.9
Fighting       | 1 2 3 |  3.2
Fire Magic     | 3 |  3.3
Hexes          | 2 3 |  3.9
Summonings     | 1 3 |  3.1
Dodging        | |  1.5
Stealth        | |  1.5

Action                   |  1- 3 |  4- 6 |  7- 9 || total
-------------------------+-------+-------+-------++-------
Melee: Short sword       |    49 |    28 |       ||    77
       Quarterstaff      |       |    31 |       ||    31
       Dagger            |       |    47 |    17 ||    64
 Cast: Foxfire           |    60 |    51 |    52 ||   163
Evoke: Wand              |       |     2 |       ||     2
  Use: Scroll            |       |       |     2 ||     2
 Stab: Sleeping          |     6 |       |     1 ||     7
Armor: Robe              |    15 |    19 |     9 ||    43
Dodge: Dodged            |    33 |    71 |    35 ||   139
Block: Other             |       |    23 |     3 ||    26
